 Dungeon Crawl Stone Soup version 0.19.1 (webtiles) character file.

1085 sveltemanboy the Spear-Bearer (level 8, -1/58 HPs)
             Began as a Formicid Fighter on Nov 30, 2016.
             Was an Initiate of Okawaru.
             Splashed by Pikel's acid (9 damage)
             ... on level 5 of the Dungeon.
             The game lasted 00:09:52 (4799 turns).

sveltemanboy the Spear-Bearer (Formicid Fighter)    Turns: 4799, Time: 00:09:52

Health: -1/58      AC:  4    Str: 24    XL:     8   Next: 55%
Magic:  10/10      EV: 11    Int:  7    God:    Okawaru [......]
Gold:   143        SH: 10    Dex: 17    Spells: 0 memorised, 7 levels left

rFire  . . .     SeeInvis +     a - +0 trident
rCold  . . .     Gourm    .     b - +0 scale mail
rNeg   . . .     Faith    .     c - +0 shield
rPois  .         Spirit   .     (helmet unavailable)
rElec  .         Reflect  .     j - +0 cloak
rCorr  .         Harm     .     (no gloves)
MR     .....                    (no boots)
Stlth  +.........               (no amulet)
                                v - ring of teleportation (curse)
                                m - -2 ring of evasion (curse)

@: agile, corroded
A: permanent stasis, dig shafts and tunnels, four strong arms, antennae 3, agile
1, blurry vision 2
a: Dig, Shaft Self, Renounce Religion


You were on level 5 of the Dungeon.
You worshipped Okawaru.
Okawaru was noncommittal.
You were not hungry.

You visited 2 branches of the dungeon, and saw 6 of its levels.

You collected 143 gold pieces.

Inventory:

Hand Weapons
 a - a +0 trident (weapon)
Missiles
 q - a throwing net (quivered)
Armour
 b - a +0 scale mail (worn)
 c - a +0 shield (worn)
 j - a +0 cloak (worn)
Jewellery
 m - a cursed -2 ring of evasion (left hand)
 v - a cursed ring of teleportation (right hand)
Wands
 d - a wand of flame (8/48)
Scrolls
 e - 2 scrolls of random uselessness {unknown}
 g - 8 scrolls of identify
 h - 4 scrolls of teleportation {unknown}
 k - 2 scrolls of recharging {unknown}
 r - a scroll of immolation {unknown}
 u - a scroll of fog {unknown}
Potions
 i - a potion of resistance
 n - a potion of haste
 s - a potion of curing
 x - a potion of brilliance {unknown}
Comestibles
 f - 4 bread rations
 l - 2 slices of pizza
 p - a meat ration
 t - 3 fruits
 w - a beef jerky
 z - 2 chunks of flesh


   Skills:
 - Level 3.2 Fighting
 * Level 9.2 Polearms
 - Level 3.2 Armour
 - Level 3.6 Shields
 + Level 2.9 Invocations
 - Level 1.5 Evocations


You had 7 spell levels left.
You didn't know any spells.

Dungeon Overview and Level Annotations

Branches:
Dungeon (5/15)             Temple (1/1) D:4

Altars:
Ashenzari
Cheibriados
Dithmenos
Elyvilon
Fedhas
Gozag
Okawaru
Qazlal
Ru
Trog
Vehumet
Xom
Yredelemnul
Zin
The Shining One

Annotations:
D:5 Pikel


Innate Abilities, Weirdness & Mutations

You are under a permanent stasis effect.
You can dig through walls and to a lower floor.
Your four strong arms can wield two-handed weapons with a shield.
You have a pair of large antennae on your head. (SInv)
You are agile. (Dex +2)
Scrolls take you longer to read.


Message History

Pikel zaps a wand.
The bolt of acid hits you! The acid corrodes you!
You are splashed with acid!
The acid burns!
It is a wand of acid.
You hit Pikel but do no damage.
Pikel is lightly wounded.
Pikel hits you but does no damage.
You barely miss Pikel.
Pikel is lightly wounded.
You block Pikel's attack.
You hit Pikel but do no damage.
Pikel is lightly wounded.
You block Pikel's attack.
You hit Pikel.
Pikel is moderately wounded.
Pikel closely misses you.
You puncture Pikel!
Pikel is heavily wounded.
Pikel zaps a wand.
The bolt of acid hits you!
* * * LOW HITPOINT WARNING * * *
You are splashed with acid!
The acid burns!
You die...

...# #....##....##....#
...# #....##....##....#
...# #..........##....#
...# #..........##....#
...###.........[##.p..####
...>.+..........p..Kp....+
....##........##p#######.#
..#...####....##K# .# {{
....#.# #....##@# .# {
.##.#.# #....##(## ..{{
.#....# #....##(.# .p
.#..### #....###(# { ...
.#....# ###### #(# ..#
.#.##.# #.## .#.##.###
#..# .#.#....# ##.##
...####.# #..#


You could see Pikel and 2 slaves.

Vanquished Creatures
  Sigmund (D:5)
  The ghost of lorenzova the Conjurer, an amateur DECj (D:4)
  A slave (D:5)
  A centaur (D:5)
  A jelly (D:5)
  Crazy Yiuf (D:2)
  6 orc priests
  3 orc wizards
  6 iguanas
  Ijyb (D:2)
  Natasha (twice) (D:3)
  A worker ant (D:4)
  4 adders
  An ooze (D:1)
  An adder skeleton (D:5)
  3 worms
  4 leopard geckos
  17 orcs
  6 giant cockroaches
  11 goblins
  8 hobgoblins
  5 jackals
  7 kobolds
  A quokka (D:3)
  2 ball pythons
  9 bats
  7 frilled lizards
  A leopard gecko skeleton (D:5)
  A quokka zombie (D:5)
  10 rats
123 creatures vanquished.

Notes
Turn   | Place    | Note
-------+----------+-------------------------------------------
     0 | D:1      | sveltemanboy the Formicid Fighter began the quest for the Orb.
     0 | D:1      | Reached XP level 1. HP: 18/18 MP: 1/1
   141 | D:1      | Reached XP level 2. HP: 12/24 MP: 2/2
   396 | D:1      | Reached skill level 3 in Polearms
   468 | D:1      | Reached XP level 3. HP: 28/29 MP: 3/3
  1263 | D:2      | Reached XP level 4. HP: 35/35 MP: 4/4
  1270 | D:2      | Reached skill level 4 in Polearms
  1389 | D:2      | Found a runed door.
  1703 | D:2      | Noticed Ijyb
  1711 | D:2      | Killed Ijyb
  1711 | D:2      | Reached XP level 5. HP: 41/41 MP: 5/5
  1880 | D:2      | Noticed Crazy Yiuf
  1890 | D:2      | Killed Crazy Yiuf
  1890 | D:2      | Reached skill level 5 in Polearms
  2058 | D:3      | Noticed Natasha
  2066 | D:3      | Killed Natasha
  2097 | D:3      | Reached XP level 6. HP: 15/47 MP: 6/6
  2102 | D:3      | Reached skill level 6 in Polearms
  2590 | D:3      | Found a faded altar of an unknown god.
  2775 | D:3      | Noticed Natasha
  2778 | D:3      | Reached skill level 7 in Polearms
  2778 | D:3      | Reached XP level 7. HP: 48/52 MP: 7/7
  2796 | D:3      | Killed Natasha
  3531 | D:4      | Noticed lorenzova's ghost (amateur DECj)
  3554 | D:4      | Killed lorenzova's ghost
  3554 | D:4      | Reached skill level 8 in Polearms
  3554 | D:4      | Reached skill level 1 in Evocations
  3898 | D:4      | Found a staircase to the Ecumenical Temple.
  3904 | Temple   | Entered the Ecumenical Temple
  3978 | Temple   | Became a worshipper of Warmaster Okawaru
  4232 | D:5      | Entered Level 5 of the Dungeon
  4278 | D:5      | Reached XP level 8. HP: 57/58 MP: 9/9
  4330 | D:5      | Gained mutation: Scrolls take you a little longer to read. [potion of mutation]
  4330 | D:5      | Gained mutation: You are agile. (Dex +2) [potion of mutation]
  4330 | D:5      | Gained mutation: Scrolls take you longer to read. [potion of mutation]
  4335 | D:5      | Reached skill level 1 in Invocations
  4604 | D:5      | Noticed Sigmund
  4620 | D:5      | Killed Sigmund
  4620 | D:5      | Reached skill level 9 in Polearms
  4781 | D:5      | Noticed Pikel
  4799 | D:5      | Splashed by Pikel's acid

Skill      XL: |  1  2  3  4  5  6  7  8 |
---------------+-------------------------+-----
Polearms       | 3 4 5 7 8 9 |  9.2
Evocations     | 1 |  1.5
Invocations    | 2 |  2.9
Fighting       | |  3.2
Armour         | |  3.2
Shields        | |  3.6

Action                   |  1- 3 |  4- 6 |  7- 9 || total
-------------------------+-------+-------+-------++-------
Melee: Trident           |   120 |   183 |   198 ||   501
Evoke: Wand              |       |       |     7 ||     7
  Use: Scroll            |       |     3 |       ||     3
       Potion            |       |     4 |     5 ||     9
  Eat: Chunk             |     1 |     5 |     7 ||    13
Armor: Scale mail        |    38 |    43 |    42 ||   123
       Skin              |       |       |     4 ||     4
Dodge: Dodged            |    32 |    29 |    35 ||    96
Block: Shield            |    52 |    49 |    52 ||   153
